 Dungeon Crawl Stone Soup version 0.32-a0-473-gd044c6f0f0 (webtiles) character file.

Game seed: 7314351882028556564

117875 greenreed the Bludgeoner (level 16, -15/159 HPs)
             Began as a Mountain Dwarf Berserker on Feb 25, 2024.
             Was a High Priest of Trog.
             Blown up by an orb spider (57 damage)
             ... with an orb of destruction
             ... led by a broodmother
             ... on level 1 of the Spider Nest.
             The game lasted 01:07:23 (31306 turns).

greenreed the Bludgeoner (MDBe)                    Turns: 31306, Time: 01:07:24

Health: -15/159    AC: 26    Str: 31    XL:     16   Next: 24%
Magic:  17/17      EV:  9    Int: 14    God:    Trog [*****.]
Gold:   1358       SH:  0    Dex: 11    Spells: 15/15 levels left

rFire   + . .        U - +3 great mace (heavy)
rCold   . . .        (shield currently unavailable)
rNeg    . . .        i - +1 crystal plate armour
rPois   +            (no helmet)
rElec   .            s - +0 cloak
rCorr   .            W - +0 pair of fencer's gloves {Riposte Dex+3}
SInv    .            (no boots)
Will    +....        N - amulet of faith Stlth
                     n - +6 ring of strength
HPRegen 0.46/turn    T - ring of protection from fire
MPRegen 0.15/turn

%: faith
@: studying Armour
A: runic magic, artefact enchanting, clever 1, high MP 1, poison resistance,
inhibited regeneration, devolution 1
a: Renounce Religion, Berserk, Trog's Hand, Brothers in Arms


You were on level 1 of the Spider Nest.
You worshipped Trog.
Trog was extremely pleased with you.
You visited 5 branches of the dungeon, and saw 24 of its levels.
You also visited: Bailey.

You collected 2179 gold pieces.
You spent 821 gold pieces at shops.

Inventory:

Hand Weapons
 U - a +3 heavy great mace (weapon)
 Y - a +5 antimagic eveningstar
Missiles
 g - 12 atropa-tipped darts (quivered)
 H - a curare-tipped dart
 P - 3 throwing nets
Armour
 i - a +1 crystal plate armour (worn)
 q - a +0 helmet
 s - a +0 cloak (worn)
 y - a +2 buckler of reflection
 Q - a +4 chain mail
 W - the +0 pair of fencer's gloves (worn) {Riposte Dex+3}
   (You bought it in a shop on level 4 of the Dungeon)

   Riposte:   It allows the wearer to riposte with melee weapons, swiftly
   retaliating against missed or blocked melee attacks.
   Dex+3:     It affects your dexterity (+3).
Jewellery
 n - a +6 ring of strength (left hand)
 N - an amulet of faith (around neck)
 O - a ring of resist corrosion
 T - a ring of protection from fire (right hand)
Wands
 b - a wand of paralysis (16)
 c - a wand of digging (10)
 o - a wand of polymorph (16)
 x - a wand of mindburst (6)
 I - a wand of flame (71)
 M - a wand of roots (25)
 S - a wand of quicksilver (6)
Scrolls
 a - a scroll of amnesia {unknown}
 d - 14 scrolls of teleportation
 e - 3 scrolls of brand weapon {unknown}
 j - 2 scrolls of butterflies
 k - 4 scrolls of silence
 l - 2 scrolls of immolation
 m - 4 scrolls of noise
 r - 5 scrolls of enchant weapon
 v - 3 scrolls of poison
 z - 2 scrolls of torment
 A - 2 scrolls of vulnerability {unknown}
 C - 3 scrolls of fear
 L - 4 scrolls of fog {unknown}
 V - a scroll of revelation
 X - 2 scrolls of blinking
 Z - 2 scrolls of enchant armour {unknown}
Potions
 f - 2 potions of attraction
 h - 4 potions of might
 p - 5 potions of enlightenment
 t - 10 potions of curing
 u - a potion of ambrosia {unknown}
 w - 6 potions of cancellation
 B - a potion of berserk rage
 D - a potion of magic {unknown}
 E - 3 potions of resistance {unknown}
 F - a potion of heal wounds
 G - a potion of experience {unknown}
 J - 5 potions of lignification
 K - 5 potions of brilliance {unknown}
 R - 4 potions of haste {unknown}


   Skills:
 * Level 18.5 Fighting
 * Level 20.1 Maces & Flails
 + Level 13.5 Armour
 + Level 9.6 Dodging
 + Level 6.0 Evocations


You had 15 spell levels left.
You didn't know any spells.
Your spell library was empty.

Dungeon Overview and Level Annotations

Branches:
Dungeon (15/15)            Temple (1/1) D:7            Lair (5/5) D:9
 Shoals (0/4) Lair:3       Spider (1/4) Lair:2        Slime (0/5) Lair:5
    Orc (2/2) D:11            Elf (0/3) Orc:2        Vaults (0/5) D:13
 Depths (0/4) D:15         Bailey (visited)

Altars:
Ashenzari
Cheibriados
Dithmenos
Elyvilon
Fedhas
Gozag
Hepliaklqana
Kikubaaqudgha
Makhleb
Nemelex Xobeh
Okawaru
Qazlal
Ru
Sif Muna
Trog
Uskayaw
Vehumet
Wu Jian
Xom
Yredelemnul
Zin
The Shining One
Beogh
Jiyva

Shops:
D:4 *!   D:7 (   D:11 =   Orc:2 *(!(:

Annotations:
D:13 2 transporters, glumbocoin's ghost, journeyman DsBe


Innate Abilities, Weirdness & Mutations

Your spellcasting is much less encumbered by armour.
You can use scrolls of enchantment on lesser artefacts.
Your mind is acute. (Int +4, Str/Dex -1)
You have an increased reservoir of magic. (+10% MP)
Your system is resistant to poisons. (rPois)
You do not regenerate when monsters are visible.
You have hidden genetic defects.


Message History

The redback bites you but does no damage.
You hammer the wolf spider like a gong!!!
You kill the wolf spider!
Trog accepts your kill. The redback barely misses you.
The culicivora bites you but does no damage.
The redback bites you but does no damage.
The redback closely misses you.
You closely miss the culicivora. The culicivora bites you!
The culicivora draws strength from your injuries!
The redback bites you but does no damage.
The redback completely misses you.
You riposte.
You hammer the redback like a gong!!!!
You kill the redback!
Trog accepts your kill.
The culicivora bites you but does no damage.
The redback barely misses you.
You crush the culicivora like a grape!!!!
You kill the culicivora!
Trog accepts your kill.
The redback bites you but does no damage.
You barely miss the redback. The redback barely misses you.
The redback bites you but does no damage.
Unknown command.
You pound the redback like an anvil!!!
You kill the redback!
Trog accepts your kill.
The orb spider pulsates with a strange energy.
The orb spider weaves a glowing orb of energy.
An orb of destruction comes into view.
You see here a redback corpse.
The orb of destruction hits you!!!
* * * LOW HITPOINT WARNING * * *
The orb spider pulsates with a strange energy.
The orb spider weaves a glowing orb of energy.
An orb of destruction comes into view.
The orb spider spins a strand of pure energy.
You see here a jumping spider corpse.
You feel much better. The orb of destruction hits you!!!
You die...

.. ..##. #... ...#.. #^.. . ..
.. ##... #. ##. .####.. #....
#.##.# ###......####....
#....#####..#####..##..... .##
#^...........).^....... ...###
##....○@.........#...... ....#.
##....○○##..#.....##..#..
......##....°..###..#..#.###..##
.......s.○.....# ##.#:#..####...
..............## #.##.#..##....
.............## ##..###......#
.......††....## #.## ##....##
.......#......# #...# ##...#
......###......# ..###.####..##


There were no monsters in sight!

Vanquished Creatures
  Kirke (Lair:4)
  A broodmother (Spider:1)
  A dire elephant (Lair:5)
  Snorg (Orc:2)
  An ettin (Orc:1)
  Harold (D:9)
  6 vault guards
  8 hydras
  4 boulder beetles
  A catoblepas (Lair:5)
  11 death yaks
  5 centaur warriors
  7 two-headed ogres
  A deep troll shaman (Lair:5)
  3 demonic crawlers
  A tengu warrior (D:13)
  5 orc high priests (Orc:2)
  A vampire mage (D:15)
  Nergalle (Lair:3)
  A storm dragon zombie (D:15)
  A storm dragon skeleton (D:15)
  3 skeletal warriors
  A deep elf archer (D:13)
  12 orc knights
  6 cyclopes
  3 orc sorcerers
  2 wolf spiders (Spider:1)
  2 manticores (Orc:2)
  7 ugly things
  A necromancer (D:15)
  A merfolk siren (Lair:3)
  26 elephants
  2 torpor snails
  9 cane toads
  8 black mambas
  4 gargoyles
  Maggie (Lair:1)
  Jeremiah (D:8)
  4 orange demons (Orc:2)
  2 yaktaurs
  3 tengu conjurers
  2 unseen horrors
  A kobold demonologist (D:10)
  11 komodo dragons
  Psyche (D:8)
  2 rime drakes
  A silent spectre (Orc:1)
  7 trolls
  4 polar bears
  3 tarantellas (Spider:1)
  A tyrant leech (D:13)
  A hornet (D:10)
  Prince Ribbit (Bailey)
  27 blink frogs
  2 dream sheep
  12 slime creatures
  2 shadows
  4 culicivoras (Spider:1)
  6 jumping spiders
  A wraith (D:13)
  54 yaks
  4 wyverns
  3 basilisks
  5 humans
  2 hogs (Lair:4)
  3 wargs
  3 vampire mosquitoes (D:13)
  A steam dragon (D:8)
  9 redbacks
  2 swamp worms (D:13)
  A naga (shapeshifter) (D:15)
  2 acid dragons (D:9)
  12 water moccasins
  2 laughing skulls (D:15)
  5 black bears
  3 ice beasts
  29 orc warriors
  3 ogres
  12 wolves
  9 centaurs
  A phantom (D:6)
  4 kobold brigands
  20 bullfrogs
  11 scorpions
  13 killer bees
  2 howler monkeys
  A hound (D:4)
  6 jellies
  2 bombardier beetles
  28 orc priests
  6 iguanas
  2 sleepcaps
  18 orc wizards
  3 gnolls
  4 adders
  A white imp (D:7)
  2 ufetubi (D:6)
  2 dart slugs (D:1)
  A ribbon worm (D:4)
  87 orcs
  8 endoplasms
  5 giant cockroaches
  16 goblins
  17 hobgoblins
  7 jackals
  5 quokkas
  6 ball pythons
  3 bats
  2 frilled lizards
  28 kobolds
  4 rats
728 creatures vanquished.

Vanquished Creatures (collateral kills)
  Rupert (Orc:2)
  An orc knight (Orc:2)
  7 elephants
  3 cane toads
  4 dream sheep (Lair:4)
  A blink frog (Lair:5)
  2 orc warriors (Orc:2)
  A scorpion (Orc:2)
  6 orc priests (Orc:2)
  2 orc wizards (Orc:2)
  6 orcs (Orc:2)
34 creatures vanquished.

Vanquished Creatures (others)
  2 humans (Lair:4)
  A bullfrog (Lair:4)
  2 kobolds (D:8)
5 creatures vanquished.

Grand Total: 767 creatures vanquished

Notes
Turn   | Place    | Note
-------+----------+-------------------------------------------
     0 | D:1      | greenreed the Mountain Dwarf Berserker began the quest for
                  | the Orb.
     0 | D:1      | Reached XP level 1. HP: 19/19 MP: 1/1
   322 | D:1      | Reached XP level 2. HP: 20/26 MP: 2/2
   504 | D:1      | Reached skill level 4 in Maces & Flails
   862 | D:2      | Reached XP level 3. HP: 23/33 MP: 3/3
  1071 | D:2      | Reached ** piety under Trog
  1315 | D:2      | Reached XP level 4. HP: 40/40 MP: 4/4
  1770 | D:3      | Noticed a +0 dagger
  1771 | D:3      | Noticed a +0 dagger
  1774 | D:3      | Found a hide-covered altar of Uskayaw.
  2119 | D:4      | Found Sujaotim's Distillery.
  2128 | D:4      | Bought a potion of degeneration for 11 gold pieces
  2128 | D:4      | Bought a potion of enlightenment for 55 gold pieces
  2128 | D:4      | Noticed a scorpion
  2140 | D:4      | Killed a scorpion
  2141 | D:4      | Reached XP level 5. HP: 47/47 MP: 5/5
  2204 | D:4      | Reached skill level 5 in Maces & Flails
  2540 | D:4      | Found Ratwuda's General Store.
  2543 | D:4      | Bought a scroll of identify for 20 gold pieces
  2543 | D:4      | Bought a scroll of noise for 10 gold pieces
  2597 | D:4      | Reached XP level 6. HP: 52/55 MP: 6/6
  2648 | D:4      | Reached skill level 5 in Fighting
  2967 | D:5      | Entered Level 5 of the Dungeon
  3237 | D:5      | Noticed an ice beast
  3264 | D:4      | Reached skill level 6 in Maces & Flails
  3264 | D:4      | Reached XP level 7. HP: 59/61 MP: 7/7
  3425 | D:5      | Found a blossoming altar of Fedhas.
  3573 | D:5      | Reached *** piety under Trog
  4339 | D:5      | Found a white marble altar of Elyvilon.
  4554 | D:6      | Reached skill level 7 in Maces & Flails
  4596 | D:6      | Reached XP level 8. HP: 69/71 MP: 8/8
  4713 | D:6      | Reached skill level 5 in Armour
  4805 | D:6      | Found an iron altar of Okawaru.
  5276 | D:6      | Reached skill level 8 in Maces & Flails
  5970 | D:7      | Found Wyizee's Weapon Boutique.
  6027 | D:7      | Reached **** piety under Trog
  6071 | D:7      | Reached XP level 9. HP: 37/81 MP: 9/9
  6313 | D:7      | Found a radiant altar of Vehumet.
  6334 | D:7      | Reached skill level 9 in Maces & Flails
  6367 | D:7      | Noticed a boulder beetle
  6553 | D:7      | Identified the +0 ring mail "Xianiept" {rElec rF- Int+5
                  | Slay-6}
  6702 | D:7      | Found a staircase to the Ecumenical Temple.
  6711 | Temple   | Entered the Ecumenical Temple
  6740 | D:7      | Killed a boulder beetle
  7010 | D:7      | Found a broken altar of Ashenzari.
  7153 | D:7      | Found a snail-covered altar of Cheibriados.
  7391 | D:8      | Noticed Psyche
  7405 | D:8      | Reached skill level 10 in Maces & Flails
  7411 | D:8      | Killed Psyche
  7902 | D:8      | Noticed Jeremiah
  7918 | D:8      | Killed Jeremiah
  7919 | D:8      | Reached XP level 10. HP: 92/92 MP: 10/10
  8329 | D:8      | Reached skill level 10 in Fighting
  8668 | D:9      | Reached skill level 11 in Maces & Flails
  8755 | D:9      | Noticed a two-headed ogre
  8766 | D:9      | Reached skill level 5 in Dodging
  8790 | D:9      | Killed a two-headed ogre
  8871 | D:9      | Noticed Harold
  8874 | D:9      | Found a staircase to the Lair.
  8884 | D:9      | Killed Harold
  9118 | D:9      | Reached skill level 12 in Maces & Flails
  9386 | D:10     | Entered Level 10 of the Dungeon
  9409 | D:10     | Found a flagged portal.
  9462 | Bailey   | Entered a bailey
  9497 | Bailey   | Reached XP level 11. HP: 102/102 MP: 11/11
  9532 | Bailey   | Reached ***** piety under Trog
  9704 | Bailey   | Noticed a vault guard
  9704 | Bailey   | Noticed Prince Ribbit
  9713 | Bailey   | Killed Prince Ribbit
  9730 | Bailey   | Killed a vault guard
  9799 | Bailey   | Noticed a vault guard
  9818 | Bailey   | Killed a vault guard
  9950 | D:10     | Noticed a two-headed ogre
  9968 | D:10     | Killed a two-headed ogre
  9986 | D:10     | Reached skill level 13 in Maces & Flails
 10700 | D:10     | Noticed a two-headed ogre
 10712 | D:10     | Killed a two-headed ogre
 10967 | D:10     | Found a roughly hewn altar of Beogh.
 10997 | D:10     | Received a gift from Trog
 11218 | D:11     | Noticed a five-headed hydra
 11231 | D:11     | Killed a five-headed hydra
 11475 | D:11     | Found Atuc's Jewellery Shop.
 11650 | D:4      | Bought the +0 pair of fencer's gloves {Riposte Dex+3} for
                  | 400 gold pieces
 11650 | D:4      | Found the +0 pair of fencer's gloves {Riposte Dex+3}
 11650 | D:4      | Bought a scroll of blinking for 75 gold pieces
 12179 | D:11     | Noticed a boulder beetle
 12229 | D:11     | Killed a boulder beetle
 12273 | D:11     | Reached skill level 14 in Maces & Flails
 12273 | D:11     | Reached XP level 12. HP: 99/113 MP: 12/12
 12315 | D:11     | Found a staircase to the Orcish Mines.
 13283 | D:12     | Received a gift from Trog
 13701 | D:13     | Noticed a centaur warrior
 13702 | D:13     | Noticed glumbocoin's ghost (journeyman DsBe)
 13708 | D:13     | a death drake changed into a two-headed ogre
 13708 | D:13     | Noticed a two-headed ogre (glowing shapeshifter)
 13711 | D:13     | a two-headed ogre changed into a merfolk
 13813 | D:13     | Noticed a demonic crawler
 13839 | D:13     | Killed a demonic crawler
 14331 | D:13     | You fall into a shaft and drop 2 floors!
 14331 | D:15     | Entered Level 15 of the Dungeon
 14474 | D:15     | Reached skill level 15 in Maces & Flails
 14745 | D:13     | Found a transporter.
 14748 | D:13     | Found a transporter.
 14750 | D:13     | Noticed a tengu warrior
 14756 | D:13     | Noticed a centaur warrior
 14757 | D:13     | Noticed a centaur warrior
 14769 | D:13     | Killed a centaur warrior
 14982 | D:13     | Reached skill level 10 in Armour
 15062 | D:13     | Noticed a boulder beetle
 15084 | D:13     | Killed a boulder beetle
 15205 | D:13     | Noticed a vault guard
 15227 | D:13     | Killed a vault guard
 15520 | D:13     | Noticed an anaconda
 15529 | D:13     | an anaconda changed into a faun
 15548 | D:13     | a jumping spider changed into a two-headed ogre
 15548 | D:13     | Noticed a two-headed ogre (glowing shapeshifter)
 15549 | D:13     | a two-headed ogre changed into a yaktaur
 15563 | D:13     | a glass eye changed into a boulder beetle
 15563 | D:13     | Noticed a boulder beetle (glowing shapeshifter)
 15565 | D:13     | a boulder beetle changed into an elephant
 15569 | D:13     | an elephant changed into a radroach
 15569 | D:13     | Noticed a radroach (glowing shapeshifter)
 15592 | D:13     | Noticed a vault guard
 15615 | D:13     | Killed a vault guard
 15616 | D:13     | Reached XP level 13. HP: 71/125 MP: 4/13
 15864 | D:13     | Found a gate to the Vaults.
 16545 | D:13     | Reached skill level 16 in Maces & Flails
 16930 | D:14     | Received a gift from Trog
 17666 | D:14     | Reached skill level 15 in Fighting
 18425 | D:15     | Found a staircase to the Depths.
 18651 | D:15     | Noticed a jiangshi
 19234 | Lair:1   | Entered Level 1 of the Lair of Beasts
 19350 | Lair:1   | Reached skill level 17 in Maces & Flails
 19600 | Lair:1   | Reached XP level 14. HP: 128/136 MP: 4/14
 19631 | Lair:1   | Received a gift from Trog
 19897 | Lair:1   | Noticed Maggie
 19905 | Lair:1   | Killed Maggie
 20444 | Lair:2   | Found a white marble altar of Elyvilon.
 20989 | Lair:2   | Found a hole to the Spider Nest.
 21242 | Lair:3   | Noticed Nergalle
 21347 | Lair:3   | Killed Nergalle
 21480 | Lair:3   | Reached skill level 18 in Maces & Flails
 21490 | Lair:3   | Received a gift from Trog
 21924 | Lair:3   | Found a staircase to the Shoals.
 21978 | Lair:3   | Identified the +2 long sword "Julouxza" {drain, rElec
                  | Int+5}
 22188 | Lair:3   | Reached skill level 1 in Evocations
 22822 | Lair:4   | Noticed Kirke
 22844 | Lair:4   | Killed Kirke
 23650 | Lair:5   | Entered Level 5 of the Lair of Beasts
 23910 | Lair:4   | Reached XP level 15. HP: 141/147 MP: 5/15
 23939 | Lair:5   | Received a gift from Trog
 24655 | Lair:5   | Reached skill level 19 in Maces & Flails
 24912 | Lair:5   | Found a staircase to the Slime Pits.
 24919 | Lair:5   | Found a viscous altar of Jiyva.
 25013 | Lair:5   | Identified the +3 leather armour of Unreason {Dex+3}
 25551 | Lair:5   | Received a gift from Trog
 26234 | Orc:1    | Entered Level 1 of the Orcish Mines
 26429 | Orc:1    | Found a bloodstained altar of Trog.
 26429 | Orc:1    | Found the +8 Wrath of Trog {antimagic, *Rage Rampage}
 26449 | Orc:2    | Entered Level 2 of the Orcish Mines
 26490 | Orc:2    | Found a staircase to the Elven Halls.
 26947 | Orc:2    | Noticed Rupert
 27214 | Orc:2    | Paralysed by Rupert for 4 turns
 27220 | Orc:2    | Paralysed by Rupert for 2 turns
 27221 | Orc:2    | Killed Rupert
 27586 | Orc:2    | Found Wiemu's Book Shop.
 27640 | Orc:2    | Reached ****** piety under Trog
 27953 | Orc:2    | Reached skill level 5 in Evocations
 28126 | Orc:2    | Received a gift from Trog
 28548 | Orc:2    | Noticed Snorg
 28552 | Orc:2    | Killed Snorg
 28836 | Orc:2    | Found Ulaxzuil's Antique Weapon Shoppe.
 28839 | Orc:2    | Found Hiseup's Antique Weapon Shoppe.
 28840 | Orc:2    | Found Ypiapnun's General Store.
 28841 | Orc:2    | Found Xum Zis's Distillery.
 28857 | Orc:2    | Gained mutation: You have large cloven feet. [potion of
                  | mutation]
 28858 | Orc:2    | Lost mutation: You have large cloven feet. [potion of
                  | mutation]
 28858 | Orc:2    | Gained mutation: You are frail. (-10% HP) [potion of
                  | mutation]
 28858 | Orc:2    | Gained mutation: You have a somewhat thin skeletal
                  | structure. (Dex +2, Stealth+) [potion of mutation]
 28859 | Orc:2    | Lost mutation: You are frail. (-10% HP) [potion of
                  | mutation]
 28859 | Orc:2    | Lost mutation: You have a somewhat thin skeletal structure.
                  | (Dex +2, Stealth+) [potion of mutation]
 28859 | Orc:2    | Gained mutation: Your muscles are strong. (Str +4, Int/Dex
                  | -1) [potion of mutation]
 28859 | Orc:2    | Gained mutation: You are clumsy. (Dex -2) [potion of
                  | mutation]
 28859 | Orc:2    | Gained mutation: You sometimes lose your temper in combat.
                  | [potion of mutation]
 28861 | Orc:2    | Lost mutation: Your muscles are strong. (Str +4, Int/Dex
                  | -1) [potion of mutation]
 28861 | Orc:2    | Lost mutation: You sometimes lose your temper in combat.
                  | [potion of mutation]
 28861 | Orc:2    | Gained mutation: Your mind is acute. (Int +4, Str/Dex -1)
                  | [potion of mutation]
 28861 | Orc:2    | Gained mutation: Your health recovers twice as slowly from
                  | being drained. [potion of mutation]
 28861 | Orc:2    | Gained mutation: Potions are less effective at restoring
                  | your health. [potion of mutation]
 28861 | Orc:2    | Gained mutation: You passively map a small area around you.
                  | [potion of mutation]
 28862 | Orc:2    | Lost mutation: Potions are less effective at restoring your
                  | health. [potion of mutation]
 28862 | Orc:2    | Lost mutation: Your health recovers twice as slowly from
                  | being drained. [potion of mutation]
 28862 | Orc:2    | Lost mutation: Your mind is acute. (Int +4, Str/Dex -1)
                  | [potion of mutation]
 28862 | Orc:2    | Gained mutation: You have a pair of small horns on your
                  | head. [potion of mutation]
 28862 | Orc:2    | Gained mutation: You have hidden genetic defects. [potion
                  | of mutation]
 28862 | Orc:2    | Gained mutation: Your system is resistant to poisons.
                  | (rPois) [potion of mutation]
 28875 | Orc:2    | Bought a potion of mutation for 96 gold pieces
 28875 | Orc:2    | Lost mutation: You have a pair of small horns on your head.
                  | [potion of mutation]
 28875 | Orc:2    | Lost mutation: Your system is resistant to poisons. (rPois)
                  | [potion of mutation]
 28875 | Orc:2    | Lost mutation: You passively map a small area around you.
                  | [potion of mutation]
 28875 | Orc:2    | Gained mutation: You have large cloven feet. [potion of
                  | mutation]
 29133 | D:4      | Bought a potion of attraction for 33 gold pieces
 29133 | D:4      | Bought a potion of mutation for 88 gold pieces
 29133 | D:4      | Bought a potion of lignification for 33 gold pieces
 29133 | D:4      | Lost mutation: You have large cloven feet. [potion of
                  | mutation]
 29133 | D:4      | Lost mutation: You are clumsy. (Dex -2) [potion of
                  | mutation]
 29133 | D:4      | Gained mutation: You have an increased reservoir of magic.
                  | (+10% MP) [potion of mutation]
 29133 | D:4      | Gained mutation: Your system is resistant to poisons.
                  | (rPois) [potion of mutation]
 29133 | D:4      | Gained mutation: Your mind is acute. (Int +4, Str/Dex -1)
                  | [potion of mutation]
 29516 | Orc:1    | Reached XP level 16. HP: 134/157 MP: 5/17
 29698 | Orc:1    | Found a transporter.
 29707 | Orc:1    | Found a transporter.
 29713 | Orc:1    | Found a runed translucent door.
 29729 | Orc:1    | HP: 2/237 [ettin/+0 dire flail (44)]
 30424 | Orc:1    | Received a gift from Trog
 30480 | Orc:1    | Identified the +3 double sword of the Writhing Priest
                  | {vamp, rElec Str-3 SInv Stlth+}
 30682 | Spider:1 | Entered Level 1 of the Spider Nest
 30860 | Spider:1 | Reached skill level 20 in Maces & Flails
 31087 | Spider:1 | Gained mutation: You do not regenerate when monsters are
                  | visible. [hidden defects]
 31306 | Spider:1 | Blown up by an orb spider

Illustrated notes

Levels and vault maps discovered:
D:1:      dpeg_arrival_ternary, layout_loops_ring
D:2:      layout_basic
D:3:      layout_basic, dancing_weapons_uskayaw
D:4:      layout_loops_ring, serial_shops, kennysheep_mini, shop
D:5:      layout_layer_cave, mainiacjoe_overflow_surrounded_room,
          old_standard_altar, nicolae_hexahallways
D:6:      corexii_shantytown, layout_layer_cave, okawaru_metal_pillars_1_2
D:7:      layout_rooms, lemuel_coloured_pillars_altar,
          mainiacjoe_overflow_alcove_1, vehumet_altar_wand_db, temple_hall,
          serial_shops, nicolae_shop_bloodbath_and_beyond, minmay_between
D:8:      layout_basic, uniq_psyche, uniq_jeremiah
D:9:      layout_rooms, lair_entry_dummy, uniq_harold
D:10:     layout_basic, enter_bailey_5, special_room [special_room_orc]
D:11:     layout_irregular_city, hiddenorc1_lemuel, serial_shops, shop
D:12:     layout_basic
D:13:     layout_loops_ring, grunt_vaults_entry_fortified,
          gammafunk_ghost_arena, worms_lemuel
D:14:     layout_stronghold
D:15:     gammafunk_depths_entry_grave, layout_irregular_city,
          minmay_misc_feat_more_columns, nicolae_eternal_life
Temple:   hellmonk_temple_two_chambers
Lair:1:   layout_misc_corridors, nicolae_lair_grazing_beasts
          [nicolae_sub_lair_graze_edge, nicolae_sub_lair_graze_edge,
          nicolae_sub_lair_graze_edge, nicolae_sub_lair_graze_edge],
          grunt_megastairs_3, uniq_maggie
Lair:2:   layout_cave_shapes, spider_nest_entry_a, basic_altar,
          serial_bayou_pond_d, infiniplex_staircase_pool_2, serial_bayou_shore_b
Lair:3:   layout_hall_layers, minmay_shoals_entry_lonely_mermaid,
          lemuel_fruit_tree, uniq_nergalle
Lair:4:   wander_river, layout_gridlike, uniq_kirke
Lair:5:   grunt_lair_end_beastmaster, layout_regular_city,
          nicolae_slime_entry_field_trip, ldierk_geyser, st_stairs_11
Spider:1: layout_chambers, drop_trap
Orc:1:    emtedronai_trogs_sanctum, layout_diamond_mine
Orc:2:    st_orc_pillars, layout_diamond_mine, serial_shops,
          nicolae_book_shop_shelving, einodemon_barbed_minivault, uniq_snorg,
          uniq_rupert

Skill      XL: |  1  2  3  4  5  6  7  8  9 10 11 12 13 14 15 16 |
---------------+-------------------------------------------------+-----
Maces & Flails | 4 5 6 7 8 10 12 14 15 17 18 19 20 | 20.1
Armour         | 3 4 5 6 8 9 10 11 12 13 | 13.5
Dodging        | 2 3 4 5 6 7 8 9 |  9.6
Fighting       | 4 5 6 8 9 11 12 14 15 17 18 | 18.5
Evocations     | 2 5 6 |  6.0

Action                     |  1- 3 |  4- 6 |  7- 9 | 10-12 | 13-15 | 16-18 || total
---------------------------+-------+-------+-------+-------+-------+-------++-------
  Melee: Mace              |    66 |       |       |       |       |       ||    66
         Whip              |    71 |   160 |   448 |   519 |       |       ||  1198
         Dire flail        |       |       |       |   144 |       |       ||   144
         Eveningstar       |       |       |       |   135 |  1108 |     9 ||  1252
         Unarmed           |       |       |       |       |     7 |       ||     7
         Great mace        |       |       |       |       |       |    90 ||    90
 Invoke: Berserk           |       |       |     3 |     6 |     2 |       ||    11
         Trog's Hand       |       |       |     1 |       |     3 |       ||     4
         Brothers in Arms  |       |       |       |       |     4 |       ||     4
    Use: Scroll            |       |       |     5 |     2 |    10 |       ||    17
         Potion            |       |       |     1 |     1 |    11 |     2 ||    15
   Stab: Petrified         |       |       |       |       |     3 |       ||     3
         Petrifying        |       |       |       |       |     2 |       ||     2
         Distracted        |       |       |       |       |     1 |       ||     1
 Armour: Animal skin       |     9 |       |       |       |       |       ||     9
         Scale mail        |    88 |    23 |       |       |       |       ||   111
         Chain mail        |       |    72 |   276 |   417 |   855 |    23 ||  1643
         Plate armour      |       |       |     2 |   105 |       |       ||   107
         Skin              |       |       |       |       |    23 |       ||    23
         Crystal plate arm |       |       |       |       |       |   112 ||   112
  Dodge: Dodged            |    63 |    70 |   150 |   232 |   550 |    70 ||  1135
  Block: Buckler           |       |       |       |       |   223 |     1 ||   224
         Reflection        |       |       |       |       |    12 |       ||    12
Riposte: Dire flail        |       |       |       |    10 |       |       ||    10
         Eveningstar       |       |       |       |     7 |   205 |     2 ||   214
         Great mace        |       |       |       |       |       |    12 ||    12

Table legend: (Time is in decaauts)
 A = Elapsed time spent in this place.
 B = Non-inter-level travel time spent in this place.
 C = Inter-level travel time spent in this place.
 D = Time resting spent in this place.
 E = Time spent auto-exploring this place.
 F = Levels seen in this place.
 G = Mean time per level.
                   A        B        C        D        E       F      G
               +--------+--------+--------+--------+--------+-----+--------+
         Total |  30706 |  28648 |   2058 |   6726 |  16863 |  25 | 1228.2 |
       Dungeon |  18881 |  17387 |   1494 |   3185 |  11303 |  15 | 1258.7 |
        Temple |      1 |      1 |      0 |      0 |      0 |   1 |    1.0 |
          Lair |   6857 |   6508 |    349 |   1730 |   3714 |   5 | 1371.4 |
   Spider Nest |    626 |    626 |      0 |    158 |    342 |   1 |  626.0 |
  Orcish Mines |   3947 |   3733 |    214 |   1539 |   1347 |   2 | 1973.5 |
        Bailey |    391 |    391 |      0 |    112 |    157 |   1 |  391.0 |
               +--------+--------+--------+--------+--------+-----+--------+

Top non-repeatable levels by time:
   Orc:1: 2140 daAuts
    D:13: 2130 daAuts
   Orc:2: 1807 daAuts
  Lair:4: 1741 daAuts
  Lair:5: 1612 daAuts
    D:14: 1607 daAuts
     D:5: 1557 daAuts
    D:11: 1486 daAuts
     D:8: 1402 daAuts
    D:15: 1399 daAuts
    D:10: 1388 daAuts
     D:6: 1380 daAuts
  Lair:3: 1366 daAuts
     D:7: 1246 daAuts
  Lair:1: 1240 daAuts
